 Dungeon Crawl Stone Soup version 0.29.1-12-g30fa7ad0bf (webtiles) character file.

Game seed: 5058712917355590478

140 FexLirch the Digger (level 5, -1/38 HPs)
             Began as a Meteoran Earth Elementalist on Jan 3, 2023.
             Was an Initiate of Cheibriados.
             Slain by an adder (3 damage)
             ... on level 5 of the Dungeon.
             The game lasted 00:06:01 (621 turns).

FexLirch the Digger (Meteoran Earth Elementalist)    Turns: 621, Time: 00:06:01

Health: -1/38      AC:  3    Str: 10    XL:     5   Next: 77%
Magic:  0/12       EV: 12    Int: 19    God:    Cheibriados [......]
Gold:   86         SH:  5    Dex: 16    Spells: 3/12 levels left

rFire   . . .      SeeInvis .   p - +8 club
rCold   + . .      Faith    .   (no shield)
rNeg    . . .      Spirit   .   q - +0 leather armour {rC+}
rPois   .          Reflect  +   (no helmet)
rElec   .          Harm     .   (no cloak)
rCorr   .          Rampage  .   (no gloves)
Will    .....                   (no boots)
Stlth   +.........              o - amulet of reflection
HPRegen 0.12/turn               (no ring)
MPRegen 0.13/turn               (no ring)

@: hasted, glowing, quick
A: sense surroundings 1, otherworldly, glowing, explore regen
a: Renounce Religion


You were on level 5 of the Dungeon.
You worshipped Cheibriados.
Cheibriados was noncommittal.
You visited 2 branches of the dungeon, and saw 6 of its levels.

You collected 86 gold pieces.

Inventory:

Hand Weapons
 e - a +2 dagger of venom
 n - a +0 vorpal trident
 p - a +8 club (weapon)
Missiles
 r - 4 poisoned darts (quivered)
Armour
 a - a +0 robe
 k - a +0 leather armour
 q - a +0 leather armour of cold resistance (worn)
Jewellery
 o - an amulet of reflection (around neck)
Wands
 f - a wand of acid (14)
Scrolls
 g - a scroll of teleportation {unknown}
 h - a scroll of fear {unknown}
 j - a scroll of vulnerability {unknown}
 l - 2 scrolls of identify {unknown}
Potions
 b - a potion of magic
 c - 2 potions of haste
 d - 2 potions of degeneration {unknown}
 i - a potion of curing


   Skills:
 - Level 2.4 Dodging
 - Level 1.4 Stealth
 + Level 4.3 Spellcasting
 + Level 3.1 Conjurations
 - Level 1.2 Transmutations
 + Level 5.0 Earth Magic


You had 3 spell levels left.
You knew the following spells:

 Your Spells              Type           Power      Damage    Failure   Level
a - Sandblast             Erth           46%        2d11      2%          1
b - Passwall              Tmut/Erth      12%        N/A       8%          2
c - Stone Arrow           Conj/Erth      38%        3d9       11%         3
d - Mephitic Cloud        Conj/Pois/Air  8%         N/A       34%         3

Your spell library contained the following spells:

 Spells                   Type           Power      Damage    Failure   Level
 Foxfire                  Conj/Fire      40%        2x1d6     10%         1
 Conjure Flame            Conj/Fire      10%        6-21      28%         3
 Ignite Poison            Fire/Tmut/Pois 5%         N/A       43%         3
 Inner Flame              Hex/Fire       4%         N/A       50%         3
 Petrify                  Tmut/Erth      15%        N/A       45%         4
 Flame Wave               Conj/Fire      10%        2d6       67%         4
 Freezing Cloud           Conj/Ice/Air   4%         6-21      97%         5
 Starburst                Conj/Fire      5%         6d4       100%        6


Dungeon Overview and Level Annotations

Branches:
Dungeon (5/15) Zot: 3752   Temple (1/1) D:4 Zot: 813

Altars:
Ashenzari
Cheibriados
Dithmenos
Fedhas
Gozag
Hepliaklqana
Kikubaaqudgha
Nemelex Xobeh
Okawaru
Qazlal
Ru
Sif Muna
Trog
Uskayaw
Wu Jian
Yredelemnul
The Shining One


Innate Abilities, Weirdness & Mutations

You passively map a small area around you.
You are easily found by Zot.
You glow in the dark.
You regain HP and MP as you explore.


Message History

The orc attacks as you move away! The orc hits you with a +0 hand axe.
An adder comes into view.
Your magical contamination has completely faded away.
The orc attacks as you move away! The orc hits you with a +0 flail!
* * * LOW HITPOINT WARNING * * *
The adder hisses angrily.
It was a potion of haste.
You feel yourself speed up.
Cheibriados forgives your accidental hurry, just this once.
The orc barely misses you. The orc hits you with a +0 mace.
* * * LOW HITPOINT WARNING * * *
The orc hits you with a +0 flail.
* * * LOW HITPOINT WARNING * * *
It was a potion of curing.
You feel better. The orc barely misses you.
The orc hits you with a +0 hand axe.
* * * LOW HITPOINT WARNING * * *
The orc hits you with a +0 mace.
* * * LOW HITPOINT WARNING * * *
You feel better. You block the orc's attack. The orc closely misses you.
You block the orc's attack.
Casting: Sandblast (safe; 2% risk of failure)
Confirm with . or Enter, or press ? or * to list all spells.
Aiming: Sandblast (safe; 2% risk of failure)
Press: ? - help, Shift-Dir - straight line, f/p - orc
Aim: an orc, wielding a +0 hand axe and wearing a +0 chain mail (lightly wounded, 87% to hit)
The blast of sand hits the orc but does no damage.
The orc is lightly wounded.
The orc barely misses you. The adder closely misses you. The orc misses you. x2
Casting: Sandblast (safe; 2% risk of failure)
Confirm with . or Enter, or press ? or * to list all spells.
Aiming: Sandblast (safe; 2% risk of failure)
Press: ? - help, Shift-Dir - straight line, f - adder, p - orc
Aim: an adder (72% to hit)
The blast of sand misses the adder.
The adder bites you.
* * * LOW HITPOINT WARNING * * *
The orc hits you with a +0 hand axe.
* * * LOW HITPOINT WARNING * * *
The orc barely misses you. The orc misses you.
As you read the scroll labelled CYR BALARA, it crumbles to dust.
The scroll dissolves into smoke.
It was a scroll of fog.
The adder bites you.
You die...

..........####.#....#..
, ,
.#........##...##.....#
*
...##..............#...
,
..##..........#........
, **
...........##.##.....##
,..#.....)...#........#
....##§§......###...##
, , *,
....#ooo##.....##...#*
,
...,##@§###.#.####....*
.., #S## ..##.# #....#
#....# . , ...* ... ..
...... #....###.# #,
.....,,,.. #....#.#.#.
...##.. , , .........
,#..., .#. .#......##*
....* .###,
.........#*.##.. #
..)......#.. , ,


You could see an adder and 3 orcs.

Vanquished Creatures
  Ijyb (D:5)
  2 iguanas
  4 adders
  A worm (D:4)
  5 orcs
  2 endoplasms
  A giant cockroach (D:4)
  2 goblins
  3 jackals (D:3)
  A kobold (D:4)
  A rat (D:3)
23 creatures vanquished.

Notes
Turn   | Place    | Note
-------+----------+-------------------------------------------
     0 | D:1      | FexLirch the Meteoran Earth Elementalist began the quest
                  | for the Orb.
     0 | D:1      | Reached XP level 1. HP: 14/14 MP: 5/5
    32 | D:2      | You fall into a shaft and drop 1 floor!
    84 | D:4      | Reached XP level 2. HP: 7/20 MP: 0/7
    86 | D:4      | HP: 1/20 [orc/+0 hand axe (4)]
    89 | D:4      | Reached skill level 1 in Conjurations
    95 | D:4      | Learned a level 2 spell: Passwall
   113 | D:5      | Entered Level 5 of the Dungeon
   145 | D:4      | Found a staircase to the Ecumenical Temple.
   153 | Temple   | Entered the Ecumenical Temple
   153 | Temple   | Found a transporter.
   153 | Temple   | Found a transporter.
   155 | Temple   | Found a transporter.
   155 | Temple   | Found a transporter.
   192 | Temple   | Became a worshipper of Cheibriados the Contemplative
   260 | D:4      | Reached skill level 4 in Earth Magic
   260 | D:4      | Reached XP level 3. HP: 26/26 MP: 6/8
   293 | D:4      | Reached XP level 4. HP: 33/33 MP: 6/10
   297 | D:4      | Learned a level 3 spell: Stone Arrow
   301 | D:4      | Learned a level 3 spell: Mephitic Cloud
   421 | D:4      | Reached XP level 5. HP: 36/38 MP: 0/11
   543 | D:5      | Noticed Ijyb
   549 | D:5      | Killed Ijyb
   590 | D:5      | Got Foshradoj's Cyclopedia of Foul Embers
   605 | D:5      | Reached skill level 5 in Earth Magic
   617 | D:5      | HP: 1/38 [orc/+0 mace (4)]
   621 | D:5      | Slain by an adder

Illustrated notes

Levels and vault maps discovered:
D:1:      psy_arrival_spokes, layout_rooms, shapermc_ecumenical_altar_gd
D:2:      layout_basic, hangedman_decor_push, minmay_tripent, uniq_terence
D:3:      layout_basic, zin_treasury, lemuel_round_altar
D:4:      layout_loops_ring, temple_fountains
D:5:      layout_cave_pools, uniq_ijyb
Temple:   hellmonk_temple_divided_pantheon

Skill      XL: |  1  2  3  4  5 |
---------------+----------------+-----
Spellcasting   | 3 4 |  4.3
Conjurations   | 1 2 3 |  3.1
Earth Magic    | 4 5 |  5.0
Dodging        | |  2.4
Stealth        | |  1.4
Transmutations | |  1.2

Action                   |  1- 3 |  4- 6 || total
-------------------------+-------+-------++-------
Melee: Dagger            |     2 |     2 ||     4
Throw: Dart              |       |     2 ||     2
 Cast: Sandblast         |    14 |    10 ||    24
       Stone Arrow       |       |    13 ||    13
  Use: Potion            |       |     3 ||     3
       Scroll            |       |     1 ||     1
Armor: Leather armour    |       |     1 ||     1
Dodge: Dodged            |     5 |    17 ||    22
Block: Other             |       |     5 ||     5
